 Dungeon Sprint DCSS version 0.17.0-18-gaab0e96 (webtiles) character file.

4 hexophile the Ruffian (level 1, 0/19 HPs)
             Began as a Ghoul Monk on Nov 11, 2015.
             Slain by a sky beast (5 damage)
             ... in the Dungeon (Sprint IX: "|||||||||||||||||||||||||||||").
             The game lasted 00:00:14 (43 turns).

hexophile the Ruffian (Ghoul Monk)                    Turns: 43, Time: 00:00:14

Health: 0/19       AC:  2    Str: 14    XL:     1   Next: 70%
Magic:  0/0        EV: 12    Int:  5    God:
Gold:   0          SH:  0    Dex: 11    Spells: 0 memorised, 0 levels left

rFire  . . .     SeeInvis .       - Unarmed
rCold  + . .     Clarity  .     a - +0 robe
rNeg   + + +     SustAt   .     (no shield)
rPois  ∞         Gourm    .     (no helmet)
rElec  .         Spirit   .     (no cloak)
rCorr  .         Warding  .     (no gloves)
rMut   .         NoTele   +     (no boots)
MR     .....                    (no amulet)
Stlth  ++........               (no ring)
                                (no ring)

@: rotting, not resistant to hostile enchantments, unstealthy
A: rotting body, claws 1, carnivore 3, cold resistance 1, negative energy
resistance 3, slow regeneration 1, torment resistance, unbreathing
a: no special abilities


You were in the Dungeon.
You were not hungry.

You visited 1 branch


Innate Abilities, Weirdness & Mutations

Your body is rotting away.
You thrive on raw meat.
You are immune to poison.
You have sharp fingernails.
You are carnivorous and can eat meat at any time.
Your flesh is cold resistant.
You are immune to negative energy.
You regenerate slowly when monsters are visible.
You are immune to unholy pain and torment.
You can survive without breathing.

Inventory:

Armour
 a - a +0 robe (worn)
Scrolls
 h - a scroll of blinking
Potions
 c - a potion of curing
 d - a potion of heal wounds
 e - a potion of haste
 f - 2 potions of magic
 g - a potion of berserk rage
Comestibles
 b - a meat ration


You couldn't memorise any spells.
You didn't know any spells.


   Skills:
 - Level 3.2 Fighting
 - Level 2.6 Dodging
 - Level 2.1 Stealth
 + Level 5.7 Unarmed Combat

Dungeon Overview and Level Annotations

Branches:
Dungeon (1/1)

Altars:

Vault maps used:
D:        linesprint
You       could see a sky beast, an iguana, a hound, a worker ant and an orc.


Message History

There isn't anything to butcher here.
Things that are here:
5 stones; a rat corpse; a rat corpse You butcher the rat corpse.
i - a chunk of flesh
Things that are here:
5 stones; a rat corpse You see here a rat corpse.
You butcher the rat corpse.
i - 2 chunks of flesh (gained 1)
You see here a rat skeleton.
There isn't anything to butcher here.
Eating one of 2 chunks of flesh.
This raw flesh tastes great!
You continue eating. x2
Restored 4 HP.
You have now: 17/19 HP.
Eating a chunk of flesh.
This raw flesh tastes great!
You continue eating. x2
Restored 2 HP.
You have now: 19/19 HP.
Things that are here:
5 stones; a rat corpse You see here a club.
You open the door.
An iguana, a hound, a worker ant, a sky beast and an orc come into view.
The iguana hisses angrily.
The sky beast hits you but does no damage.
There is an open door here.
The hound barks!
The orc shouts!
You scratch the sky beast.
The sky beast is lightly wounded.
The worker ant twitches its antennae in your direction.
The sky beast closely misses you.
You scratch the sky beast but do no damage.
The sky beast is lightly wounded.
You claw the sky beast!
The sky beast is heavily wounded.
The iguana hisses menacingly.
The sky beast flickers out of sight!
Deactivating autopickup; reactivate with Ctrl-A.
Something hits you. Something shocks you. !MASSIVE DAMAGE!
YOU LOST 6 HP!
You have now: 13/19 HP.
You claw something! Something hits you. Something shocks you.
* * * LOW HITPOINT WARNING * * *
!MASSIVE DAMAGE!
YOU LOST 9 HP!
You have now: 4/19 HP.
Unknown command.
You closely miss something.
A sky beast appears from thin air!
Reactivating autopickup.
The sky beast hits you.
You die...

Action                   || total
-------------------------++-------
Melee: Unarmed           ||    14
 Stab: Sleeping          ||     1
  Eat: Chunk             ||     2

Notes
Turn   | Place    | Note
--------------------------------------------------------------
     0 | D        | hexophile the Ghoul Monk began the quest for the Orb.
     0 | D        | Reached XP level 1. HP: 19/19 MP: 0/0
     8 | D        | Reached skill level 5 in Unarmed Combat
    36 | D        | Noticed an iguana
    36 | D        | Noticed a hound
    36 | D        | Noticed a worker ant
    36 | D        | Noticed a sky beast
    43 | D        | Slain by a sky beast

Table legend:
 A = Turns spent in this place as a percentage of turns spent in the entire game.
 B = Non-inter-level travel turns spent in this place as a percentage of non-inter-level travel turns spent in the entire game.
 C = Inter-level travel turns spent in this place as a percentage of turns spent in this place.
 D = Turns resting spent in this place as a percentage of non-inter-level travel turns spent in this place.
 E = Turns spent auto-exploring this place as a percentage of non-inter-level travel turns spent in this place.
 F = Non-inter-level travel turns spent in this place divided by the number of levels of this place that you've seen.
                   A       B       C       D       E      F
               +-------+-------+-------+-------+-------+----------------------
         Total | 100.0 | 100.0 |   0.0 |   0.0 |   0.0 |  46.0
       Dungeon | 100.0 | 100.0 |   0.0 |   0.0 |   0.0 |  46.0
               +-------+-------+-------+-------+-------+----------------------

Table legend:
 A = Kills in this place as a percentage of kills in entire the game.
 B = Kills by you in this place as a percentage of kills by you in the entire game.
 C = Kills by friends in this place as a percentage of kills by friends in the entire game.
 D = Other kills in this place as a percentage of other kills in the entire game.
 E = Experience gained in this place as a percentage of experience gained in the entire game.
 F = Experience gained in this place divided by the number of levels of this place that you have seen.
                   A       B       C       D       E      F
               +-------+-------+-------+-------+-------+----------------------
         Total | 100.0 | 100.0 |  -nan |  -nan | 100.0 |   7.0
       Dungeon | 100.0 | 100.0 |  -nan |  -nan | 100.0 |   7.0
               +-------+-------+-------+-------+-------+----------------------

Vanquished Creatures
  A hobgoblin (D)
  A kobold (D)
  3 rats (D)
5 creatures vanquished.
